AoeStats
← K o h i m e

Black Forest

510119644Analyzed
4v4 RM · 24h ago on Sep 29, 2026· 87m 25s· 8 players
Game mode
Random Map
Map size
Large (8 player)
Population
200
Speed
Normal
Resources
Standard
Victory
Conquest
Starting age
Dark Age
Ending age
Imperial Age
RankedLock teamsTeams togetherTeam positionsShared explorationLock speedFull tech treeHidden civsTurbo modeCheats
Victory
Defeat
🇻🇳 Khitans · Vietnam
788
+11
🇻🇳 Wu · Vietnam
738
+13
🇻🇳 Britons · Vietnam
676
+16
🇧🇷 Saxons · Brazil
661
+16
🇬🇧 Britons · United Kingdom
713
-15
🇪🇸 Byzantines · Spain
710
-16
🇪🇸 Persians · Spain
667
-14
🇧🇷 Romans · Brazil
599
-11
jescrina2004
5:06 Loom
14:30 Feudal Age
20:02 Wheelbarrow
19:29 Double-Bit Axe
19:48 Stone Mining
19:52 Gold Mining
23:43 Castle Age
25:31 Gold Shaft Mining
25:35 Stone Shaft Mining
29:04 Hand Cart
29:48 Bow Saw
30:15 Crossbowman
38:08 Imperial Age
38:12 Cavalier
39:56 Chemistry
40:34 Two-Man Saw
45:23 Conscription
48:36 Savar
Nano
8:27 Loom
10:13 Feudal Age
12:02 Wheelbarrow
11:16 Double-Bit Axe
22:16 Castle Age
22:12 Horse Collar
22:29 Gold Mining
23:08 Heavy Plow
26:25 Bow Saw
29:16 Hand Cart
29:36 Stone Mining
29:40 Crossbowman
35:47 Imperial Age
33:53 Ballistics
33:45 Masonry
33:33 Fletching
35:27 Padded Archer Armor
35:22 Bodkin Arrow
37:45 Two-Man Saw
37:57 Chemistry
37:30 Leather Archer Armor
37:16 Bracer
38:18 Arbalester
41:12 Ring Archer Armor
42:31 Elite Skirmisher
53:33 Architecture
53:09 Siege Engineers
56:08 Pikeman
57:25 Halberdier
59:24 Forging
59:15 Scale Mail Armor
60:51 Iron Casting
66:43 Blast Furnace
67:08 Chain Mail Armor
71:51 Plate Mail Armor
74:23 Elite Longbowman
78:10 Yeomen
79:39 Hoardings
83:19 Squires
Med
0:31 Loom
12:29 Feudal Age
14:00 Town Watch
17:38 Horse Collar
18:04 Double-Bit Axe
21:08 Gold Mining
25:28 Castle Age
24:01 Stone Mining
25:08 Bloodlines
28:00 Wheelbarrow
27:30 Light Cavalry
27:34 Crossbowman
27:37 Pikeman
28:18 Squires
30:12 Bow Saw
30:42 Heavy Plow
33:34 Wheelbarrow
33:22 Husbandry
36:19 Fortified Wall
36:05 Murder Holes
39:56 Imperial Age
39:27 Gold Shaft Mining
42:56 Conscription
44:29 Chemistry
44:45 Ballistas
45:59 Heavy Scorpion
53:31 Hand Cart
53:17 Town Patrol
65:30 Scale Barding Armor
65:25 Scale Mail Armor
65:36 Forging
65:27 Padded Archer Armor
zuri_gos
0:27 Loom
14:46 Feudal Age
15:34 Double-Bit Axe
16:44 Wheelbarrow
21:42 Castle Age
19:37 Horse Collar
23:20 Bow Saw
24:43 Gold Mining
26:38 Heavy Plow
26:27 Gambesons
26:59 Forging
26:54 Scale Barding Armor
35:04 Imperial Age
32:23 Elite Skirmisher
34:00 Squires
34:17 Husbandry
35:20 Iron Casting
34:50 Scale Barding Armor
34:45 Stone Mining
36:54 Chemistry
36:27 Ballistics
39:01 Scale Mail Armor
39:44 Stone Shaft Mining
40:05 Scale Barding Armor
40:16 Chain Mail Armor
40:42 Thumb Ring
40:52 Elite Varangian Guard
42:07 Onager
42:27 Onager
46:54 Hand Cart
52:20 Conscription
53:04 Two-Man Saw
52:03 Murder Holes
56:39 Pikeman
62:39 Halberdier
64:48 Fletching
64:58 Padded Archer Armor
65:30 Plate Mail Armor
78:04 Light Cavalry
79:10 Chain Barding Armor
80:02 Hussar
81:39 Plate Barding Armor
GUSTAVO-nardes
0:27 Loom
11:22 Feudal Age
26:30 Castle Age
24:27 Double-Bit Axe
25:00 Horse Collar
25:47 Bloodlines
25:41 Scale Mail Armor
25:41 Padded Archer Armor
25:53 Forging
25:49 Scale Barding Armor
26:31 Fletching
34:24 Imperial Age
34:07 Squires
33:53 Gambesons
33:54 Arson
33:48 Light Cavalry
39:32 Hussar
49:19 Bodkin Arrow
49:39 Leather Archer Armor
49:40 Chain Mail Armor
50:00 Iron Casting
57:02 Husbandry
69:38 Bow Saw
85:00 Ballistics
84:36 Murder Holes
85:42 Chemistry
84:28 Arrowslits
84:33 Guard Tower
85:31 Ring Archer Armor
85:02 Bracer
85:32 Plate Mail Armor
85:33 Chain Barding Armor
86:14 Clerical Recruitment
86:15 Shield Wall
86:20 Spies/Treason
86:31 Shield Wall
86:31 Clerical Recruitment
applerutz20052001
0:37 Loom
16:21 Feudal Age
20:20 Castle Age
18:14 Domestication
20:21 Double-Bit Axe
22:48 Pastoralism
24:02 Bow Saw
26:34 Wheelbarrow
27:38 Gold Mining
28:23 Stone Mining
30:04 Stone Shaft Mining
35:09 Imperial Age
36:58 Chemistry
36:12 Masonry
36:08 Siege Engineers
37:09 Padded Archer Armor
36:59 Fletching
37:52 Transhumance
38:27 Two-Man Saw
38:30 Ballistics
38:06 Murder Holes
38:02 Heated Shot
38:40 Leather Archer Armor
38:21 Bodkin Arrow
38:55 Hand Cart
38:25 Town Watch
39:28 Heavy Rocket Cart
39:42 Elite Liao Dao
42:41 Scale Mail Armor
42:52 Forging
43:46 Chain Mail Armor
44:57 Squires
44:43 Gambesons
44:43 Arson
44:19 Pikeman
47:01 Plate Mail Armor
47:07 Iron Casting
47:04 Town Patrol
47:11 Ordo Cavalry
47:11 Lamellar Armor
58:59 Ring Archer Armor
58:30 Bracer
58:15 Treadmill Crane
75:16 Caravan
76:10 Thumb Ring
76:31 Parthian Tactics
75:26 Elite Skirmisher
Muscle Boy
15:24 Feudal Age
18:56 Wheelbarrow
27:13 Castle Age
31:12 Double-Bit Axe
31:11 Horse Collar
35:10 Imperial Age
33:30 Squires
32:51 Pikeman
37:10 Bow Saw
37:32 Gold Mining
38:51 Chemistry
41:53 Two-Man Saw
40:56 Heavy Plow
41:10 Halberdier
42:17 Scale Mail Armor
43:18 Conscription
43:21 Hand Cart
48:27 Fortified Wall
48:28 Masonry
60:54 Guilds
64:05 Padded Archer Armor
63:55 Fletching
64:17 Scale Barding Armor
64:46 Chain Mail Armor
65:11 Gold Shaft Mining
64:30 Elite Longbowman
67:26 Yeomen
69:15 Leather Archer Armor
68:57 Bodkin Arrow
71:13 Light Cavalry
72:47 Ring Archer Armor
72:17 Bracer
72:59 Plate Mail Armor
72:50 Chain Barding Armor
84:26 Plate Barding Armor
K o h i m e
12:29 Feudal Age
13:19 Horse Collar
13:30 Double-Bit Axe
21:27 Castle Age
22:39 Heavy Plow
22:53 Bow Saw
22:34 Gold Mining
23:57 Wheelbarrow
27:23 Hand Cart
31:09 Imperial Age
30:15 Light Cavalry
31:06 Bloodlines
31:00 Husbandry
31:21 Forging
31:16 Scale Barding Armor
31:47 Hussar
33:25 Iron Casting
34:13 Chain Barding Armor
35:57 Blast Furnace
38:14 Plate Barding Armor
38:39 Sitting Tiger
Connection lost

Rejoining the realm…

Still unreachable

The connection could not be restored.

Session expired

The server has moved on; the page needs a fresh start.